 Dungeon Crawl Stone Soup version 0.23-a0-703-gdf2d5e0 (webtiles) character file.

319 zishaf the Sneak (level 6, 0/32 HPs)
             Began as a Vine Stalker Assassin on Jan 14, 2019.
             Was a Believer of Uskayaw.
             Slain by a centaur (1 damage)
             ... on level 5 of the Dungeon.
             The game lasted 00:07:53 (4006 turns).

zishaf the Sneak (Vine Stalker Assassin)            Turns: 4006, Time: 00:07:53

Health: 0/32       AC:  6    Str: 15    XL:     6   Next: 46%
Magic:  0/8        EV: 10    Int: 11    God:    Uskayaw [**....]
Gold:   163        SH:  5    Dex: 16    Spells: 5/5 levels left

rFire    . . .     SeeInvis .   a - +2 dagger
rCold    . . .     Gourm    .   i - +0 buckler
rNeg     . . .     Faith    .   j - +0 ring mail
rPois    .         Spirit   +   (no helmet)
rElec    .         Reflect  .   d - +0 cloak
rCorr    .         Harm     .   (no gloves)
MR       .....                  (no boots)
Stlth    +.........             (no amulet)
HPRegen  0.50/turn              w - ring of attention (curse)
MPRegen  0.11/turn              (no ring)

@: no status effects
A: fangs 2, regeneration 1, magic shield, antimagic bite, no potion heal 3, rot
immunity
a: Stomp, Line Pass, Renounce Religion


You were on level 5 of the Dungeon.
You worshipped Uskayaw.
Uskayaw was noncommittal.
You were not hungry.

You visited 1 branch of the dungeon, and saw 5 of its levels.

You collected 163 gold pieces.

Inventory:

Hand Weapons
 a - a +2 dagger (weapon)
 b - a +0 blowgun
Missiles
 e - 8 poisoned needles
 f - 2 curare-tipped needles
 l - 90 stones (quivered)
Armour
 d - a +0 cloak (worn)
 i - a +0 buckler (worn)
 j - a +0 ring mail (worn)
Jewellery
 w - a cursed ring of attention (left hand)
Scrolls
 m - a scroll of teleportation {unknown}
 n - 5 scrolls of identify {unknown}
 p - 2 scrolls of enchant weapon {unknown}
 q - a scroll of enchant armour {unknown}
 r - a scroll of noise {unknown}
 s - 2 scrolls of remove curse {unknown}
 u - a scroll of random uselessness {unknown}
 v - 2 scrolls of fog {unknown}
Potions
 h - 4 potions of curing {unknown}
 k - 2 potions of brilliance {unknown}
 o - 3 potions of lignification {unknown}
 t - 3 potions of might {unknown}
 x - a potion of degeneration {unknown}
Comestibles
 g - 7 rations


   Skills:
 + Level 3.1 Fighting
 + Level 3.1 Short Blades
 - Level 2.0 Throwing
 + Level 2.1 Armour
 - Level 1.0 Dodging
 - Level 5.0 Stealth
 + Level 2.3 Shields
 + Level 1.5 Invocations


You had 5 spell levels left.
You didn't know any spells.
Your spell library was empty.

Dungeon Overview and Level Annotations

Branches:
Dungeon (5/15)
 Temple: D:4-7

Altars:
Makhleb
Okawaru
Qazlal
Uskayaw

Annotations:
D:3 3 runed doors, Oatz's ghost, amateur HuMo


Innate Abilities, Weirdness & Mutations

You have extremely sharp teeth.
Your natural rate of healing is unusually fast.
When hurt, damage is shared between your health and your magic reserves.
Your bite disrupts and absorbs the magic of your enemies.
Potions cannot restore your health.
You are immune to rotting.


Message History

The centaur is lightly wounded.
You block the centaur's attack. The centaur hits you.
* * * LOW HITPOINT WARNING * * *
You hit the centaur. Your bite misses the centaur.
The centaur is moderately wounded.
The centaur hits you but does no damage.
You hit the centaur. Your bite misses the centaur.
The centaur is moderately wounded.
The centaur hits you.
* * * LOW HITPOINT WARNING * * *
You can now pass through a line of other dancers.
You hit the centaur but do no damage.
The centaur is moderately wounded.
You block the centaur's attack. The centaur hits you.
* * * LOW HITPOINT WARNING * * *
You hit the centaur but do no damage. You bite the centaur.
You drain its power.
You feel invigorated.
The centaur is heavily wounded.
The centaur hits you.
You die...

##### #...#
##############(#$#
............(..#@#
##############..c.......
#.......... #..........
.# #..........
########.# ..#.#######
#......#.###.#...
#.####.#.# #....#
#.####.#.###.##.####


You could see a centaur.

Vanquished Creatures
  A sky beast (D:5)
  A howler monkey (D:4)
  A worker ant (D:4)
  4 gnolls (D:3)
  A howler monkey skeleton (D:4)
  4 adders
  4 worms
  A dart slug (D:1)
  2 leopard geckos
  3 orcs
  7 bats
  3 giant cockroaches
  8 hobgoblins
  3 quokkas
  8 frilled lizards
  9 goblins
  8 kobolds
  A leopard gecko skeleton (D:2)
  4 rats
73 creatures vanquished.

Notes
Turn   | Place    | Note
-------+----------+-------------------------------------------
     0 | D:1      | zishaf the Vine Stalker Assassin began the quest for the
                  | Orb.
     0 | D:1      | Reached XP level 1. HP: 11/11 MP: 2/2
   402 | D:1      | Reached skill level 1 in Dodging
   402 | D:1      | Reached XP level 2. HP: 15/15 MP: 3/3
   591 | D:1      | Reached skill level 5 in Stealth
   921 | D:2      | Reached XP level 3. HP: 18/18 MP: 4/4
  1317 | D:2      | Reached skill level 1 in Shields
  1608 | D:2      | Reached skill level 1 in Armour
  1650 | D:2      | Found a burning altar of Makhleb.
  1944 | D:2      | Gained mutation: Your natural rate of healing is unusually
                  | fast. [Vine Stalker growth]
  1944 | D:2      | Reached XP level 4. HP: 23/23 MP: 5/5
  2171 | D:2      | Found an iron altar of Okawaru.
  2678 | D:3      | Noticed a +0 hand axe
  2678 | D:3      | Noticed a +0 hand axe
  2679 | D:3      | Found a hide-covered altar of Uskayaw.
  2694 | D:3      | Became a worshipper of Uskayaw the Reveler
  2700 | D:3      | Reached * piety under Uskayaw
  2806 | D:3      | Reached ** piety under Uskayaw
  2813 | D:3      | Reached *** piety under Uskayaw
  2888 | D:3      | Reached XP level 5. HP: 4/27 MP: 1/6
  3109 | D:3      | Found a stormy altar of Qazlal.
  3172 | D:3      | Found a runed gate.
  3173 | D:3      | Found a runed gate.
  3173 | D:3      | Found a runed gate.
  3180 | D:3      | Noticed Oatz's ghost (amateur HuMo)
  3687 | D:4      | Reached skill level 1 in Invocations
  3892 | D:5      | Entered Level 5 of the Dungeon
  3901 | D:5      | Noticed a sky beast
  3923 | D:5      | Killed a sky beast
  3923 | D:5      | Reached XP level 6. HP: 26/32 MP: 6/8
  4005 | D:5      | HP: 1/32 [centaur (4)]
  4006 | D:5      | Slain by a centaur

Vault maps used:
D:1:      saegor_arrival_simple_a, minmay_lizard_pond
D:2:      cheibrodos_helix_gallery, okawaru_ov_weapons_minmay,
          nicolae_overflow_crystal_walls, hex_medium, grunt_ministairs_9,
          minmay_heptomino_o4
D:3:      dancing_weapons_uskayaw, grunt_qazlal_clouds, first_ration,
          ebering_ghost_rock_garden
D:4:      nicolae_overflow_hidden_temple
D:5:      uniq_grinder

Skill      XL: |  1  2  3  4  5 |
---------------+----------------+-----
Dodging        | 1 |  1.0
Short Blades   | 2 3 |  3.1
Stealth        | 5 |  5.0
Fighting       | 2 3 |  3.1
Throwing       | 2 |  2.0
Shields        | 1 2 |  2.3
Armour         | 1 2 |  2.1
Invocations    | 1 |  1.5

Action                   |  1- 3 |  4- 6 || total
-------------------------+-------+-------++-------
Melee: Dagger            |   123 |   162 ||   285
       Bite              |    36 |    56 ||    92
Throw: Stone             |     9 |       ||     9
 Stab: Sleeping          |     2 |     2 ||     4
       Paralysed         |       |     3 ||     3
  Eat: Chunk             |     3 |     7 ||    10
Armor: Ring mail         |    48 |    34 ||    82
Dodge: Dodged            |    45 |    50 ||    95
Block: Buckler           |    20 |    24 ||    44

Table legend:
 A = Non-vault XP
 B = Vault XP
 C = Vault XP percentage of total XP
 D = Non-vault monster count
 E = Vault monster count
 F = Vault count percentage of total count
                 A         B        C        D         E       F
            +---------+---------+-------+---------+---------+-------
      Total |     425 |      32 |   7.0 |      60 |      13 |  17.8
            +---------+---------+-------+---------+---------+-------
        D:1 |      19 |       9 |  32.1 |      12 |       7 |  36.8
        D:2 |      42 |      23 |  35.4 |      22 |       6 |  21.4
        D:3 |      97 |       0 |   0.0 |      16 |       0 |   0.0
        D:4 |     119 |       0 |   0.0 |       7 |       0 |   0.0
        D:5 |     148 |       0 |   0.0 |       3 |       0 |   0.0
            +---------+---------+-------+---------+---------+-------
